AoeStats
← 葛瓦斯

Arena

509279303Analyzed
1v1 RM · 6d ago on Sep 26, 2026· 32m 14s· 2 players
Game mode
Random Map
Map size
Tiny (2 player)
Population
200
Speed
Normal
Resources
Standard
Victory
Conquest
Starting age
Dark Age
Ending age
Imperial Age
RankedLock teamsTeams togetherTeam positionsShared explorationLock speedFull tech treeHidden civsTurbo modeCheats
Victory
Defeat
🇦🇺 Poles · Australia
886
+16
🇨🇳 Poles · China
882
-16
葛瓦斯
11:43 Feudal Age
13:21 Horse Collar
15:58 Castle Age
13:47 Double-Bit Axe
14:39 Stone Mining
17:54 Wheelbarrow
17:43 Loom
23:26 Bow Saw
24:35 Hand Cart
24:48 Heavy Plow
25:35 Gold Mining
26:08 Forging
26:04 Scale Barding Armor
29:31 Imperial Age
29:35 Bloodlines
29:26 Husbandry
28:46 Light Cavalry
31:13 Conscription
31:49 Winged Hussar
eliot.shaw
6:11 Loom
13:22 Feudal Age
14:26 Double-Bit Axe
14:22 Horse Collar
15:54 Wheelbarrow
18:16 Castle Age
16:48 Stone Mining
18:04 Forging
19:34 Scale Barding Armor
19:31 Scale Mail Armor
19:37 Arson
19:53 Squires
20:29 Bow Saw
22:56 Chain Mail Armor
23:03 Heavy Plow
28:16 Iron Casting
29:29 Szlachta Privileges
30:28 Bloodlines
30:19 Husbandry
30:32 Scale Barding Armor
Connection lost

Rejoining the realm…

Still unreachable

The connection could not be restored.

Session expired

The server has moved on; the page needs a fresh start.